Match 42640033
Unlisted

Match 42640033
End
Construct Barracks
Riflemen Squad
Selects Advanced Infantry Battlegroup
M1 Mortar Team
Riflemen Squad
Infantry Support Center
Selects Convert to Ranger Squad
Convert to Ranger Squad
Advanced Logistics
Munitions Surplus
Riflemen Squad
Convert to Ranger Squad
ORESAMA
NoF^kingXiaoHaoZi
HeroSandwich
SSS
ㅋㅋㅋㅋㅋㅋㅋㅋㅋ
MOT
Tanith's Finest
Old Foxy
0
0

Comments sign in to comment!

No comments posted yet!